Cogmind - Beta 16.1 @@@ ROGUE MODE // 2026.04.30 @ 17:48:54 Player: Elxavo Result: Destroyed by S-27 Virus with Autogun Performance ------------- Evolutions (3) 1500 Regions Visited (5) 1000 Robots Destroyed (74) 370 Value Destroyed (2634) 2634 Prototype IDs (2) 40 Alien Tech Used (0) 0 Bonus (177) 177 TOTAL SCORE: 5721 Bonus ------- High Alert Combat Kills 107 Follower Combat Kills 70 Cogmind --------- Core Integrity 0/700 Matter 295/300 Energy 100/100 System Corruption 2% Temperature Cool (0) Movement Core (350) Ox6 Location -7/Lower Caves Parts ------- > --- POWER (1) -------- (None) > --- PROPULSION (4) --- (None) > --- UTILITY (6) ------ Coolant Injector Large Storage Unit Advanced Targeting Computer > --- WEAPON (2) ------- (None) > --- INVENTORY (15) --- Nuclear Core Improved Deuterium Engine Micro Nuclear Core Improved Heat Sink Improved Heat Sink Trap Scanner Improved Signal Interpreter Seismic Detector Particle Charger Transmission Jammer Advanced ECM Suite Heavy Ion Cannon Heavy Ion Cannon Heavy Ion Cannon Peak State ------------ > --- POWER ------------ Micro Nuclear Core > --- PROPULSION ------- Carbon-fiber Leg Improved Carbon-fiber Leg Improved Titanium Leg Improved Titanium Leg > --- UTILITY ---------- Improved Cooling System Coolant Injector Large Storage Unit Advanced Targeting Computer Hardened Heavy Armor Plating > --- WEAPON ----------- Improved EM Pulse Cannon Cooled Particle Cannon > --- INVENTORY -------- Nuclear Core Nuclear Core Improved Deuterium Engine Micro Nuclear Core Improved Heat Sink Improved Heat Sink Trap Scanner Improved Signal Interpreter Seismic Detector Particle Charger Transmission Jammer Advanced ECM Suite Heavy Ion Cannon Heavy Ion Cannon Heavy Ion Cannon [Rating: 53] Favorites ----------- Power Heavy Ion Engine Engine Heavy Ion Engine Power Core Micro Nuclear Core Propulsion Aluminum Leg Treads Light Treads Leg Aluminum Leg Utility Large Storage Unit Device Seismic Detector Storage Large Storage Unit Processor Terrain Scan Processor Protection Medium Reactive Plating Weapon Light Assault Rifle Energy Gun Arc Projector Energy Cannon Particle Cannon Ballistic Gun Light Assault Rifle Launcher EMP Blaster Special Weapon Mining Laser Build | -11 -10 -9 -8 -7 -7 ------- Run | Yrd Mat Mat Mat Fac Low Slots Evolved 6 | . . 2 2 2 . Power . | . . . . . . Propulsion 2 | . . . . 2 . Utility 4 | . . 2 2 . . Weapon . | . . . . . . Parts Attached 52 | 7 1 7 18 18 1 Power 7 | 1 . 2 2 1 1 Engine 4 | 1 . 2 1 . . Core 3 | . . . 1 1 1 Reactor . | . . . . . . Propulsion 15 | 2 . . 4 9 . Treads 2 | . . . . 2 . Leg 13 | 2 . . 4 7 . Wheel . | . . . . . . Hover . | . . . . . . Flight . | . . . . . . Utility 18 | 2 1 2 7 6 . Device 10 | 1 . 2 3 4 . Storage 2 | 1 1 . . . . Processor 3 | . . . 2 1 . Hackware . | . . . . . . Protection 3 | . . . 2 1 . Artifact . | . . . . . . Weapon 12 | 2 . 3 5 2 . Energy Gun 1 | . . . 1 . . Energy Cannon 4 | . . 1 1 2 . Ballistic Gun 5 | 2 . 1 2 . . Ballistic Cannon . | . . . . . . Launcher 1 | . . . 1 . . Special Weapon 1 | . . 1 . . . Impact Weapon . | . . . . . . Slashing Weapon . | . . . . . . Piercing Weapon . | . . . . . . Special Melee Weapon . | . . . . . . Unidentified Prototypes 2 | . . 1 . 1 . Parts Lost 23 | . . 1 6 7 9 Power 2 | . . . 1 . 1 Propulsion 7 | . . . 1 2 4 Utility 6 | . . . 1 3 2 Weapon 8 | . . 1 3 2 2 Highest Loss Streak 7 | . . 1 2 2 7 To Critical Strikes . | . . . . . . Average Backups 13 | 4 10 12 14 14 14 Power 2 | 1 2 2 1 2 3 Propulsion 1 | 1 2 2 2 . . Utility 5 | . 3 3 5 7 8 Weapon 4 | 1 3 4 4 3 3 Tool/Special . | . . . . . . Unused Backups 28 | . . 4 8 3 13 Power 6 | . . 3 . . 3 Propulsion . | . . . . . . Utility 12 | . . . 3 2 7 Weapon 10 | . . 1 5 1 3 Tool/Special . | . . . . . . Average Slot Usage (%) 96 | . 99 99 99 90 69 Engine 8 | . 14 10 8 5 . Treads 1 | . . . . 4 . Leg 20 | . 27 21 17 19 20 Device 24 | . 14 32 27 18 13 Storage 9 | . 14 11 9 7 7 Processor 5 | . . . 8 9 7 Protection 4 | . . . 8 5 4 Energy Cannon 8 | . . 10 6 10 9 Ballistic Gun 8 | . 28 11 8 2 . Launcher 1 | . . . 2 1 . Peak Build Rating 53 | 8 8 16 31 53 53 Average Rating 25 | 6 7 13 26 40 38 On Entrance 18 | . 8 8 16 28 53 Avg Prop Armor Cover (%) 4 | . . . . 4 . Naked Turns . | . . . . . . Heaviest Build 65 | 11 26 36 61 65 64 Greatest Support 75 | 20 20 20 27 75 75 Greatest Overweight (x) 7 | . 2 1 3 2 7 Average Overweight (x) . | . . 1 1 . . Largest Inventory Capacity 15 | 8 15 15 15 15 15 Average Capacity 14 | 7 14 15 15 15 15 Most Carried 15 | 8 13 15 15 15 15 Average Carried 13 | 4 10 12 14 14 14 Final Capacity 15 | 8 15 15 15 15 15 Final Carried 15 | 8 13 15 15 15 14 Class Distribution -------------------- 80% | Mutant 19% | Scavenger-Mutant Dominant Class ---------------- Mutant | -10/Materials Mutant | -9/Materials Mutant | -8/Materials Mutant | -7/Factory Mutant | -7/Lower Caves Resources | -11 -10 -9 -8 -7 -7 ----------- Run | Yrd Mat Mat Mat Fac Low Matter Collected 1469 | 300 36 146 601 299 87 Remotely 146 | . . 146 . . . Salvage Created 3059 | 165 89 146 1504 1095 60 Parts 183 | 11 4 7 87 71 3 Haulers Intercepted . | . . . . . . Recyclers Shooed 2 | 1 . . 1 . . Parts Field Recycled . | . . . . . . Retrieved Matter . | . . . . . . Parts Self-Destructed 6 | . . . . . 6 Prevented 1 | . . . . . 1 Parts Restored . | . . . . . . Kills | -11 -10 -9 -8 -7 -7 ------- Run | Yrd Mat Mat Mat Fac Low Combat Hostiles Destroyed 46 | . 2 3 23 16 2 Guns 14 | . 2 . 10 2 . Cannons 22 | . . 3 6 11 2 AOE 10 | . . . 7 3 . Classes Destroyed 13 | 2 2 1 4 3 1 Worker 3 | . . . . 3 . Builder 8 | . . . 6 2 . Tunneler 4 | 3 . . . 1 . Recycler 4 | 1 . . . 3 . Operator 3 | . . . 1 2 . Watcher 6 | . 1 . 4 1 . Swarmer 2 | . . . . . 2 Grunt 27 | . 2 2 15 8 . Brawler 1 | . . . 1 . . Duelist 1 | . . . 1 . . Sentry 8 | . . 1 6 1 . Hunter 1 | . . . . 1 . Programmer 6 | . . . . 6 . Best Kill Streak 10 | 2 2 3 7 10 1 Combat Bots Only 5 | . 2 3 5 5 1 Max Kills in Single Turn 5 | 1 1 1 4 5 1 Gunslinging . | . . . . . . Exploded 2 | . . . 2 2 . Melee . | . . . . . . Uniques/NPCs Destroyed . | . . . . . . Combat | -11 -10 -9 -8 -7 -7 -------- Run | Yrd Mat Mat Mat Fac Low Hostile Shots Fired 482 | . 13 23 119 99 228 Missed 154 | . 4 5 29 29 87 Hits 328 | . 9 18 90 70 141 Melee 7 | . . . 3 . 4 Projectile 321 | . 9 18 87 70 137 Critical Strikes 7 | . . . 3 2 2 Damage Taken 5299 | . 103 237 1605 1210 2144 Core 1010 | . 35 90 181 166 538 Absorbed by Shields . | . . . . . . Ignored by Resistances 31 | . . . 31 . . Regen/Repaired (Parts) 321 | . . 52 269 . . Core Remaining (%) 82 | 100 86 77 67 . . Volleys Fired 183 | 15 20 12 87 45 4 Largest 2 | 2 2 2 2 2 2 Hottest 103 | 40 40 100 103 99 99 Shots Fired 343 | 30 40 16 157 92 8 Gun 189 | 30 40 4 97 18 . Cannon 134 | . . 10 51 65 8 Launcher 18 | . . . 9 9 . Special 2 | . . 2 . . . Kinetic 172 | 30 40 4 80 18 . Thermal 109 | . . 12 51 42 4 Explosive . | . . . . . . Electromagnetic 62 | . . . 26 32 4 Robot Hit Streak 21 | 5 7 5 18 21 4 Robot Miss Streak 5 | 3 5 2 5 3 2 Penetration Max 1 | . . . 1 1 . Secondary Targets 1 | . 1 . . . . Max Gunslinging Chain 1 | . 1 . . . . Shots Hit Robots 215 | 19 23 8 99 62 4 Core Hits 118 | 7 10 4 57 38 2 Critical Kills . | . . . . . . Critical Parts Destroyed . | . . . . . . Critical Strikes . | . . . . . . Melee Attacks . | . . . . . . Impact . | . . . . . . Slashing . | . . . . . . Piercing . | . . . . . . Sneak Attacks . | . . . . . . Combat Hostiles . | . . . . . . Follow-up Attacks . | . . . . . . Damage Inflicted 6065 | 160 201 152 2564 2864 124 Guns 1802 | 160 201 10 1202 229 . Cannons 2291 | . . 142 792 1233 124 Explosions 1972 | . . . 570 1402 . Melee . | . . . . . . Ramming . | . . . . . . Kinetic 1648 | 160 201 10 1048 229 . Thermal 3312 | . . 142 1092 2026 52 Explosive . | . . . . . . Electromagnetic 1105 | . . . 424 609 72 Impact . | . . . . . . Slashing . | . . . . . . Piercing . | . . . . . . Highest Corruption 2 | . 2 . . 2 2 Average Corruption 1 | . 2 . . 1 2 Corruption Purged . | . . . . . . Corruption Blocked . | . . . . . . Effects 51 | . 14 . . 31 6 Message Errors 12 | . 2 . . 8 2 Matter Fused 16 | . 6 . . 8 2 Heat Flow Errors 6 | . 2 . . 4 . Energy Discharges 3 | . 2 . . 1 . Parts Rejected 1 | . . . . . 1 Data Loss (minor) 7 | . . . . 7 . Data Loss (major) 3 | . 2 . . . 1 Misfires 2 | . . . . 2 . Alerts 1 | . . . . 1 . Overload Shots . | . . . . . . Overflow Damage 259 | . . . 17 242 . Projectiles 42 | . . . 15 27 . Explosions 217 | . . . 2 215 . Melee . | . . . . . . Knockbacks . | . . . . . . Impact . | . . . . . . Kinetic . | . . . . . . Secondary . | . . . . . . Self-Inflicted Damage 334 | . . . 192 142 . Shots 16 | . . . 9 7 . Rammed . | . . . . . . Targets Rammed . | . . . . . . Kicked . | . . . . . . Crushed . | . . . . . . Highest Temperature 309 | . 234 250 309 258 . Average Temperature 65 | . 87 105 58 41 . Received Heat Transfer 1251 | . 54 120 720 339 18 Siege Activations . | . . . . . . Martial Activations . | . . . . . . Shielding Activations . | . . . . . . Robots Disrupted 2 | . . . 2 . . Combat Hostiles 2 | . . . 2 . . Robots Corrupted . | . . . . . . Combat Hostiles . | . . . . . . Parts Fried 2 | . . . 1 1 . Impact Corruptions . | . . . . . . Robots Melted . | . . . . . . Combat Hostiles . | . . . . . . Parts Melted 6 | . . . 3 3 . Heat Transferred 3877 | . . 259 1571 1973 74 Parts Sabotaged . | . . . . . . Parts Stolen . | . . . . . . Parts Stripped . | . . . . . . Power Chain Reactions 8 | . . . 5 3 . Alert | -11 -10 -9 -8 -7 -7 ------- Run | Yrd Mat Mat Mat Fac Low Maximum Alert Level 2 | . . . 2 2 . Low Security (%) 76 | 100 100 100 73 48 . Level 1 11 | . . . 12 24 . Level 2 12 | . . . 14 27 . Level 3 . | . . . . . . Level 4 . | . . . . . . Level 5 . | . . . . . . High Security . | . . . . . . Max Security . | . . . . . . Peak Influence 537 | 5 30 79 537 480 . Initial 244 | . . . 26 244 . Average 113 | . . 8 121 244 . Influence Increases 2120 | 20 58 116 822 859 245 Destroy 0b10 Robot/C 960 | . 40 60 460 360 40 Destroy 0b10 Robot/NC 140 | 20 5 . 55 60 . Destroy Leader 262 | . 2 20 108 122 10 Allied During Kill 9 | . . . . 9 . Successful Hack 82 | . 11 4 17 50 . Select Force Hacks 20 | . . . . 20 . Disable Machine 285 | . . . 105 180 . Destroy Structure 92 | . . 2 32 58 . Lose Combat Pursuer 270 | . . 30 45 . 195 Influence Decreases 1819 | 20 58 54 347 941 399 Entered New Map 498 | . . . 36 293 169 Time Decay 1061 | 20 58 54 251 538 140 Lost Part 200 | . . . 60 50 90 Lost Ally 60 | . . . . 60 . Squads Dispatched 15 | . . 1 . 14 . Investigation 2 | . . . . 2 . Extermination 8 | . . . . 8 . Reinforcement 5 | . . 1 . 4 . Assault . | . . . . . . Garrison . | . . . . . . Intercept . | . . . . . . Searches Triggered . | . . . . . . Construction Impeded 1 | . . . . 1 . Haulers Reinforced . | . . . . . . Active Scanning Responses . | . . . . . . Cargo Convoy Interrupts . | . . . . . . Stealth | -11 -10 -9 -8 -7 -7 --------- Run | Yrd Mat Mat Mat Fac Low Distress Signals 5 | . . . 5 . . Communications Jammed . | . . . . . . Distress Signals . | . . . . . . Times Spotted 96 | . 12 6 35 23 20 Peak Tracking Total 12 | . 2 2 5 5 12 Tactical Retreats 9 | . . 1 3 . 5 Traps | -11 -10 -9 -8 -7 -7 ------- Run | Yrd Mat Mat Mat Fac Low Traps Triggered 5 | . 2 1 . 2 . Indirectly . | . . . . . . Trap Hack Attempts . | . . . . . . Triggered . | . . . . . . Disarmed . | . . . . . . Reprogrammed . | . . . . . . Reused . | . . . . . . Traps Extracted . | . . . . . . Installed . | . . . . . . Triggered . | . . . . . . Machines | -11 -10 -9 -8 -7 -7 ---------- Run | Yrd Mat Mat Mat Fac Low Machines Disabled 19 | . . . 7 12 . Max in Single Turn 7 | . . . 1 7 . Machines Repaired . | . . . . . . Machines Dismantled . | . . . . . . Machines Sabotaged . | . . . . . . Overloaded Fab Kills . | . . . . . . Hacking | -11 -10 -9 -8 -7 -7 --------- Run | Yrd Mat Mat Mat Fac Low Machines Accessed 20 | . 6 1 6 7 . Terminals 14 | . 5 . 5 4 . Fabricators 2 | . . . . 2 . Repair Stations 3 | . . 1 1 1 . Recycling Units 1 | . 1 . . . . Scanalyzers . | . . . . . . Garrison Access . | . . . . . . Total Hacks 67 | . 15 6 23 23 . Successful 41 | . 11 4 13 13 . Failed 26 | . 4 2 10 10 . Catastrophic 2 | . . . . 2 . Database Lockouts . | . . . . . . Manual 28 | . 10 . 10 8 . Terminals 48 | . 14 . 17 17 . Fabricators 5 | . . . . 5 . Repair Stations 13 | . . 6 6 1 . Recycling Units 1 | . 1 . . . . Scanalyzers . | . . . . . . Garrison Access . | . . . . . . Terminal Hacks 11 | . 3 . 2 6 . Record 1 | . . . . 1 . Part Schematic 1 | . . . . 1 . Robot Analysis 1 | . . . . 1 . Locate Traps 4 | . 1 . 2 1 . Zone Layout 4 | . 2 . . 2 . Fabricator Hacks 1 | . . . . 1 . Build 1 | . . . . 1 . Repair Station Hacks 10 | . . 4 6 . . Scan Component 5 | . . 2 3 . . Repair 5 | . . 2 3 . . Recycling Unit Hacks 1 | . 1 . . . . Report Inventory 1 | . 1 . . . . Scanalyzer . | . . . . . . Garrison Access Hacks . | . . . . . . Unauthorized Hacks 18 | . 7 . 5 6 . Terminals 17 | . 7 . 5 5 . Botnet 5 | . 2 . 1 2 . Skim 12 | . 5 . 4 3 . Fabricators 1 | . . . . 1 . Download 1 | . . . . 1 . Repair Stations . | . . . . . . Recycling Units . | . . . . . . Scanalyzers . | . . . . . . Garrison Access . | . . . . . . Data Cores Recovered 2 | . . . 1 1 . Used . | . . . . . . Hacking Detections 18 | . 6 1 5 6 . Full Trace Events . | . . . . . . Feedback Events . | . . . . . . Feedback Blocked . | . . . . . . Robot Schematics Acquired . | . . . . . . Robots Built 3 | . . . . 3 . Authchips . | . . . . . . Time 134 | . . . . 134 . Total Robot Build Rating 12 | . . . . 12 . Part Schematics Acquired 1 | . . . . 1 . Parts Built . | . . . . . . Authchips . | . . . . . . Time . | . . . . . . Total Part Build Rating . | . . . . . . Part Studies Acquired . | . . . . . . Parts Repaired 5 | . . 2 3 . . Time 148 | . . 52 96 . . Parts Recycled . | . . . . . . Recycled Matter . | . . . . . . Retrieved Matter . | . . . . . . Retrieved Components . | . . . . . . Parts Scanalyzed . | . . . . . . Part Schematics Acquired . | . . . . . . Parts Damaged . | . . . . . . Bothacking | -11 -10 -9 -8 -7 -7 ------------ Run | Yrd Mat Mat Mat Fac Low Used RIF Installer . | . . . . . . Robots Hacked . | . . . . . . Non-combat . | . . . . . . Combat . | . . . . . . Robot Hacks Applied . | . . . . . . Relay Couplers Released . | . . . . . . Fabnet Peak Effective % . | . . . . . . Robots Rewired . | . . . . . . Allies Hacked . | . . . . . . Hacks Repelled . | . . . . . . Allies | -11 -10 -9 -8 -7 -7 -------- Run | Yrd Mat Mat Mat Fac Low Total Allies 3 | . . . . 3 . Largest Group 3 | . . . . 3 . Highest-Rated Group 60 | . . . . 60 . Highest-Rated Ally 20 | . . . . 20 . Total Orders 2 | . . . . 2 . ROAM 1 | . . . . 1 . FOLLOW 1 | . . . . 1 . Ally Attacks 9 | . . . . 9 . Total Damage 218 | . . . . 218 . Kills 2 | . . . . 2 . Allies Corrupted . | . . . . . . Allies Melted 1 | . . . . 1 . Intel | -11 -10 -9 -8 -7 -7 ------- Run | Yrd Mat Mat Mat Fac Low Active Infowar (turns) 12570 | 91 1396 3997 4794 2292 . Terrain 10871 | . . 3997 4794 2080 . Seismic 12570 | 91 1396 3997 4794 2292 . Robot Analysis Total 1 | . . . . 1 . Derelict Logs Recovered . | . . . . . . Drone Launches . | . . . . . . Drone Recoveries . | . . . . . . Exploration | -11 -10 -9 -8 -7 -7 ------------- Run | Yrd Mat Mat Mat Fac Low Turns Passed 14912 | 170 1396 3997 4794 4262 293 Spaces Moved 2413 | 95 288 211 526 1120 173 Core 21 | 4 . . . . 17 Treads 180 | . . . . 180 . Legs 2212 | 91 288 211 526 940 156 Wheels . | . . . . . . Hover . | . . . . . . Flight . | . . . . . . Fastest Speed 50 | 50 120 190 190 125 127 Average Speed 185 | 117 185 190 240 168 159 Slowest Speed 400 | 120 260 190 330 270 400 Overloaded Moves . | . . . . . . Propulsion Burnouts . | . . . . . . Robots Hopped . | . . . . . . Potential Cave-ins . | . . . . . . Cave-ins Triggered . | . . . . . . Exploration Rate (%) 31 | 4 50 19 47 27 42 Regions Visited 5 Branch Regions 1 Pre-discovered Areas 1 | . 1 . . . . Known Exits Taken 2 | . 1 1 . . . Unknown Exits Taken 3 | 1 . . 1 1 . Scrap Searched 2 | . . . . . 2 Spaces Dug 8 | . . 2 5 1 . Terrain Destroyed 90 | . . 2 29 59 . Melee . | . . . . . . Projectile 19 | . . 2 12 5 . AOE 71 | . . . 17 54 . Terrain Rammed . | . . . . . . Walls Destroyed . | . . . . . . Machines Disabled . | . . . . . . Actions | -11 -10 -9 -8 -7 -7 --------- Run | Yrd Mat Mat Mat Fac Low Total 12534 | 126 1120 3790 3906 3408 184 Wait 9766 | 2 802 3539 3232 2185 6 Move 2408 | 94 287 210 525 1119 173 Hop . | . . . . . . Pick Up 62 | 8 7 12 20 15 . Fast Attach 16 | 7 . 2 4 3 . Attach 24 | . 2 5 7 9 1 Detach 1 | . . . . 1 . Swap 28 | . 1 4 12 11 . Drop 41 | . 1 6 19 15 . Fire 183 | 15 20 12 87 45 4 Melee . | . . . . . . Ram . | . . . . . . Kick . | . . . . . . Crush . | . . . . . . Escape Stasis 5 | . . . . 5 . Rewire . | . . . . . . Trap . | . . . . . . Miscellaneous . | . . . . . . Route ------- -11/Scrapyard -10/Materials (discovered 6 exits: *Mat x3 / [*Min x2] / *Sub) -9/Materials -8/Materials -7/Factory -7/Lower Caves History --------- Turn | Location | Event 8 | -11/Scrapyard | Discovered new exit (range 15) 171 | -11/Scrapyard | Entered Materials 313 | -10/Materials | Build established: Mutant 399 | -10/Materials | Discovered new exit (range 13) 730 | -10/Materials | Discovered new exit (range 5) 1085 | -10/Materials | Discovered new exit (range 8) 1118 | -10/Materials | Discovered new exit (range 13) 1257 | -10/Materials | Learned location of 1 exit from Storage 1304 | -10/Materials | Loaded intel: 25 trap records 1343 | -10/Materials | Learned Recycling recycling unit intel 1370 | -10/Materials | Learned location of Mines (-10) 1388 | -10/Materials | Identified exit to Subcaves 1417 | -10/Materials | Identified exit to Materials 1507 | -10/Materials | Learned Storage emergency access door positions 1567 | -10/Materials | Entered another Materials area 1567 | -9/Materials | Evolved 2 slots: Utility x2 1568 | -9/Materials | Identified exit to Materials 3469 | -9/Materials | Repaired Aluminum Leg 3497 | -9/Materials | Repaired Aluminum Leg 5564 | -9/Materials | Entered another Materials area 5564 | -8/Materials | Evolved 2 slots: Utility x2 9222 | -8/Materials | Build established: Scavenger-Mutant 9908 | -8/Materials | Repaired Lgt. Armor Plating 9942 | -8/Materials | Repaired EMP Blaster 9981 | -8/Materials | Repaired Titanium Leg 10075 | -8/Materials | Discovered new exit (range 6) 10358 | -8/Materials | Entered Factory 10358 | -7/Factory | Evolved 2 slots: Propulsion x2 12024 | -7/Factory | Build established: Mutant 14047 | -7/Factory | Fabricated B-48 Gladiator (x3) 14420 | -7/Factory | Discovered new exit (range 6) 14620 | -7/Factory | Entered Lower Caves 14644 | -7/Lower Caves | Lost 3 allies 14683 | -7/Lower Caves | Attracted the attention of an 0b10 outpost 14739 | -7/Lower Caves | Found DCF Scrap (15 items) 14851 | -7/Lower Caves | Lost 7 parts (1p3n1u2w) 14856 | -7/Lower Caves | Core integrity fell below 50% 14888 | -7/Lower Caves | Core integrity fell below 20% 14913 | -7/Lower Caves | Destroyed by S-27 Virus with Autogun Last Messages --------------- 14798_ 6ELE &UXO0NFIA>V| 14854_ Imp. Titanium Leg destroyed. 14855_ S-27 Virus destroyed. 14862_ Imp. Cooling System destroyed. 14870_ VTOL Module fries itself beyond repair. 14873_ Penetrated by Slug. 14885_ System corrupted: Matter fused (-5). 14886_ Slug penetrates Wall. 14911_ Slug penetrates S-27 Virus. 14911_ S-27 Virus destroyed. Map ----- +----------------------------------------------------+ | ????????????????????????????? #?????????????????# | | ????????????????????????????? ##?????????####### | | ?????????????????????#####??? #??????? | | ??????????????????? #??# ##?????? | | ?????????????????? ### #????????######?? | | ????????????????? ????????????????? | | ????????????????? ???????????????## | | ?????????????????? #?????????????### | | ??????????????????? #????????????## | | ????????????????????# #????####????# | | ?????????????????????# ##??## ##???# | | ?????????????????????# ##?# ##### | | ?????????????????????# ##?# *% | | ?????????????? ###???# ### | | ????????????? ???# sh #### | | ????????????? ### %##### ###??# | | ??????????????????# ##########???? | | ??????????????????# ##????????# | | ??????????????????###### ##???????# | | ???????????????????????## ##??????# | | ????????????????????????# #?????? | | ????????????????????????# ???# | | ????????????????????????# ##### ???## | | ????????????????????????## #????# ??????# | | ?????????? ######## ##????? #??????? | | ???????????# @ #??????? #????????# | | ?????????????????## #???????####????????? | | ??????????????????# #### ##???????????????????? | | ??????????????????###????####????????????????????? | | ?????????????????????????????????????????????????? | | ?????????????????????????????????????????????????? | | ?????????????????????????????????????????????????? | | ?????????????????????????????????????????????????? | | ?????????????????????????????????????????????????? | | ?????????????????????????????????????????????????? | | ?????????????????????????????????????????????????? | | ?????????????????????????????????????????????????? | | ?????????????????????????????????????????????????? | | ?????????????????????????????????????????????????? | | ?????????????????????????????????????????????????? | | ?????????????????????????????????????????????????? | | ?????????????????????????????????????????????????? | | ?????????????????????????????????????????????????? | | ?????????????????????????????????????????????????? | | ?????????????????????????????????????????????????? | | | | | | | | | | | +----------------------------------------------------+ Best States ------------- Heat Dissipation 62 Coolant Potential 65 Energy Generation 15 Energy Capacity 280 Matter Stores 300 Matter Capacity 300 Sight Range 16 Terrain Scan Range 16 Terrain Scan Density 110 Armor Coverage 600 Resistance: KI 30 Evasion (%) 55 Targeting Accuracy 8 Recoil Reduction 2 Item Schematics ----------------- Proton Cannon | -7/Factory | Hacked Robot Schematics ------------------ None Fabricated ------------ B-48 Gladiator | x3 | -7/Factory | Preloaded Repaired ---------- Aluminum Leg | 60% | -9/Materials Aluminum Leg | 82% | -9/Materials Lgt. Armor Plating | 7% | -8/Materials EMP Blaster | 31% | -8/Materials Titanium Leg | 4% | -8/Materials Studied --------- None Alien Tech Used ----------------- None Achievements -------------- My Command Is Your Wish Omniscient Cartographer Challenges ------------ None Game ------ Seed MappingClaymoresJammer Manual? 0 Play Time 01:42:23 Cumulative 96.1 hours Start 2026.04.30 @ 15:43:59 End 2026.04.30 @ 17:48:54 Sessions 1 Manual Loads 0 Difficulty Rogue Special Mode None Game No. 115 Rogue 115 Adventurer 0 Explorer 0 Win Type - Total 0 Types 0/0/0/0/0/0/0/0/0/0 Lore% 42 Gallery% 27 Achievement% 23 Wizard Run 0 Options --------- Layout 0 ASCII 0 Keyboard 0 Movement Mouse Keybinds 0 Fullscreen 1 Font 18/SmallcapsGlow Map View 76x50 Zoom Use 0% Tactical HUD 1 Map Filters NONE Filters LOW_CONTRAST(13,24,33) Steam 1 RUN: f5c60285-5f63-4d41-b97e-93ab54ba1e87